 Dungeon Crawl Stone Soup version 0.26.1-2-gb8aa6d0cf2 (webtiles) character file.

Game seed: 10153227757307122185

10367 raph the Spear-Bearer (level 11, 0/93 HPs)
             Began as a Merfolk Gladiator on Mar 27, 2021.
             Was an Elder of Trog.
             Slain by a yak (5 damage)
             ... on level 1 of the Lair of Beasts.
             The game lasted 00:18:26 (11559 turns).

raph the Spear-Bearer (Merfolk Gladiator)          Turns: 11559, Time: 00:18:27

Health: 0/93       AC: 14    Str: 19    XL:     11   Next: 61%
Magic:  11/11      EV: 22    Int: 12    God:    Trog [****..]
Gold:   287        SH:  0    Dex: 18    Spells: 10/10 levels left

rFire    . . .     SeeInvis .   a - +0 glaive (vorpal)
rCold    + . .     Faith    .   (shield currently unavailable)
rNeg     . . .     Spirit   .   I - +0 leather armour
rPois    +         Reflect  .   t - +2 helmet
rElec    .         Harm     .   F - +0 cloak
rCorr    .         Rampage  .   i - +1 pair of gloves
Will     ++...                  A - +0 pair of boots "Ynehiase" {rPois Str+4 Int+4 Stlth-}
Stlth    ++........             G - amulet of magic regeneration
HPRegen  1.25/turn              B - +4 ring of protection
MPRegen  0.37/turn              s - ring of protection from cold

@: lethally poisoned (0 -> -1), about to teleport, berserk cooldown,
regenerating (expiring), slowed, very slow
A: change form in water, swift swim, stealthy swim
a: Renounce Religion, Berserk, Trog's Hand, Brothers in Arms


You were on level 1 of the Lair of Beasts.
You worshipped Trog.
Trog was greatly pleased with you.
You visited 2 branches of the dungeon, and saw 10 of its levels.
You also visited: Ossuary.

You collected 603 gold pieces.
You spent 316 gold pieces at shops.

Inventory:

Hand Weapons
 a - a +0 vorpal glaive (weapon)
 b - a +3 trident of flaming
Missiles
 d - 3 throwing nets
 h - 21 poisoned darts
 q - 6 javelins (quivered)
Armour
 i - a +1 pair of gloves (worn)
 t - a +2 helmet (worn)
 A - the +0 pair of boots "Ynehiase" (worn) {rPois Str+4 Int+4 Stlth-}
   (You acquired it on level 7 of the Dungeon)

   It affects your strength (+4).
   It affects your intelligence (+4).
   It protects you from poison.
   It makes you less stealthy.
 F - a +0 cloak (worn)
 I - a +0 leather armour (worn)
Jewellery
 c - an uncursed ring of willpower
 o - an uncursed ring of fire
 s - a ring of protection from cold (right hand)
 B - a +4 ring of protection (left hand)
 G - an amulet of magic regeneration (around neck)
 H - an uncursed ring of fire
 J - an uncursed ring of magical power
Wands
 e - a wand of random effects (16)
 r - a wand of digging (5)
 x - a wand of iceblast (14)
 E - a wand of polymorph (20)
 K - a wand of disintegration (15)
Scrolls
 g - 3 scrolls of magic mapping
 j - 5 scrolls of remove curse
 l - 7 scrolls of teleportation
 m - 3 scrolls of amnesia
 n - 2 scrolls of fog
 y - 2 scrolls of identify
Potions
 f - 3 potions of heal wounds
 k - 3 potions of curing
 p - a potion of attraction
 u - 3 potions of mutation
 v - 5 potions of flight
 w - 3 potions of brilliance
 z - 2 potions of haste
 C - a potion of magic
 D - 2 potions of ambrosia


   Skills:
 + Level 11.0 Fighting
 - Level 14.0 Polearms
 - Level 2.0 Throwing
 + Level 2.8 Armour
 + Level 12.9 Dodging
 + Level 4.6 Stealth


You had 10 spell levels left.
You didn't know any spells.
Your spell library was empty.

Dungeon Overview and Level Annotations

Branches:
Dungeon (9/15)             Temple (0/1) D:5            Lair (1/6) D:9
Ossuary (visited)
    Orc: D:9-12

Altars:
Cheibriados
Dithmenos
Elyvilon
Gozag
Makhleb
Nemelex Xobeh
Qazlal
Trog
Wu Jian
Xom
Yredelemnul

Shops:
D:9 ((!}


Message History

You feel sick. The cane toad barely misses you.
You feel sick.
You feel a strong urge to attack something.
You are no longer berserk.
You pass out from exhaustion.
You feel yourself slow down.
You feel sick. The yak gores you!
You feel sick. The cane toad stings you!
* * * LOW HITPOINT WARNING * * *
You can move again.
As you read the scroll of teleportation, it crumbles to dust.
You feel strangely unstable.
You feel sick. The cane toad stings you!
* * * LOW HITPOINT WARNING * * *
The yak misses you. The yak barely misses you. The yak completely misses you.
The cane toad barely misses you. The yak gores you!
* * * LOW HITPOINT WARNING * * *
You feel the effects of Trog's Hand fading.
You feel sick. The cane toad closely misses you. The yak misses you.
The yak gores you.
You die...

##.....#.....#.........#........
#).....##.....##+#.#..#.....#...
##.....##.......................
. #####.##...................###.
.######.........^.............. .
...............................
................................
................YY...............
..##.######.....@F.........P#
.....#P####.....#Y.##.#....##
..##.....##.....######.....#
.........##.....##....+....##
..#P.....##......#..........#
..##.....##.....##...##....##
..##.....##.....##... #..†.......
..##.....##.....#.... #.....###.#
..####..###.....#### #....#.#


You could see 3 yaks and a cane toad.

Vanquished Creatures
  3 two-headed ogres
  An ugly thing (D:8)
  A manticore (D:8)
  Maurice (D:8)
  2 cane toads (Lair:1)
  A komodo dragon (Lair:1)
  A troll (D:8)
  4 slime creatures (D:9)
  A wraith (Ossuary)
  8 yaks
  3 sky beasts
  2 water moccasins
  2 ice beasts
  4 orc warriors
  A necrophage (D:8)
  4 phantoms
  7 ogres
  4 centaurs
  4 bullfrogs
  A scorpion (D:4)
  3 howler monkeys
  2 jellies
  A quasit (D:8)
  A bullfrog zombie (D:7)
  2 bullfrog skeletons (D:4)
  5 hounds
  6 orc priests
  6 orc wizards
  A centaur skeleton (D:7)
  An iguana (D:9)
  6 worker ants
  2 hound skeletons
  A mummy (Ossuary)
  Robin (D:3)
  13 gnolls
  13 adders
  A shadow imp (D:6)
  3 white imps (D:6)
  3 ufetubi
  3 oozes
  2 adder zombies
  2 adder skeletons (D:9)
  2 worms
  3 leopard geckos
  41 orcs
  6 giant cockroaches
  12 goblins
  9 hobgoblins
  13 jackals
  4 quokkas
  A ball python (D:3)
  8 bats
  4 frilled lizards
  10 gnoll skeletons (Ossuary)
  4 kobolds
  3 kobold skeletons (Ossuary)
  A leopard gecko skeleton (D:7)
  A leopard gecko zombie (D:5)
  12 orc skeletons (Ossuary)
  A quokka skeleton (D:8)
  3 quokka zombies
  8 rats
279 creatures vanquished.

Vanquished Creatures (others)
  A fungus (Lair:1)
  6 plants
7 creatures vanquished.

Grand Total: 286 creatures vanquished

Notes
Turn   | Place    | Note
-------+----------+-------------------------------------------
     0 | D:1      | raph the Merfolk Gladiator began the quest for the Orb.
     0 | D:1      | Reached XP level 1. HP: 16/16 MP: 1/1
   230 | D:1      | Reached XP level 2. HP: 6/23 MP: 2/2
   684 | D:1      | Reached skill level 5 in Polearms
  1303 | D:2      | Reached XP level 3. HP: 27/28 MP: 3/3
  1315 | D:2      | Found a sparkling altar of Nemelex Xobeh.
  1852 | D:2      | Reached XP level 4. HP: 34/34 MP: 4/4
  1997 | D:3      | Reached skill level 6 in Polearms
  2018 | D:3      | Found a bloodstained altar of Trog.
  2026 | D:3      | Became a worshipper of Trog the Wrathful
  2477 | D:3      | Found an opulent altar of Gozag.
  2595 | D:3      | Reached skill level 5 in Dodging
  2595 | D:3      | Reached XP level 5. HP: 35/41 MP: 5/5
  2749 | D:3      | Found a snail-covered altar of Cheibriados.
  2749 | D:3      | Found a basalt altar of Yredelemnul.
  2749 | D:3      | Noticed Robin
  2765 | D:3      | Killed Robin
  2892 | D:3      | Found a bloodstained altar of Trog.
  2947 | D:3      | Found a faded altar of an unknown god.
  3247 | D:4      | Reached skill level 7 in Polearms
  3288 | D:4      | You fall into a shaft and drop 1 floor!
  3288 | D:5      | Entered Level 5 of the Dungeon
  3316 | D:4      | Reached XP level 6. HP: 17/48 MP: 6/6
  3913 | D:4      | Reached skill level 8 in Polearms
  3922 | D:4      | Reached * piety under Trog
  4086 | D:4      | Reached XP level 7. HP: 39/55 MP: 7/7
  4758 | D:5      | Reached skill level 9 in Polearms
  5080 | D:5      | Reached skill level 5 in Fighting
  5216 | D:5      | Found a shadowy altar of Dithmenos.
  5222 | D:5      | Found a white marble altar of Elyvilon.
  5222 | D:5      | Found a stormy altar of Qazlal.
  5302 | D:5      | Reached skill level 10 in Polearms
  5302 | D:5      | Reached XP level 8. HP: 49/62 MP: 8/8
  5364 | D:5      | Found a staircase to the Ecumenical Temple.
  5410 | D:5      | Found an ornate altar of the Wu Jian Council.
  6180 | D:6      | Found a sand-covered staircase.
  6187 | Ossuary  | Entered an ossuary
  6187 | Ossuary  | Noticed a wraith
  6187 | Ossuary  | Noticed a wraith
  6187 | Ossuary  | Noticed a wraith
  6257 | Ossuary  | Reached ** piety under Trog
  6324 | Ossuary  | Noticed a wraith
  6333 | Ossuary  | Killed a wraith
  6334 | Ossuary  | Reached skill level 11 in Polearms
  6649 | D:6      | Found a shimmering altar of Xom.
  6824 | D:6      | Reached XP level 9. HP: 50/71 MP: 9/9
  7263 | D:7      | Reached skill level 12 in Polearms
  7356 | D:7      | Reached *** piety under Trog
  7946 | D:7      | Identified a scroll of acquirement
  7946 | D:7      | Acquired the +0 pair of boots "Ynehiase" {rPois Str+4 Int+4
                  | Stlth-}
  8629 | D:8      | Noticed Maurice
  8641 | D:8      | Killed Maurice
  8642 | D:8      | Reached skill level 13 in Polearms
  8765 | D:8      | Found a runed translucent door.
  8819 | D:8      | Noticed a two-headed ogre
  8819 | D:8      | Noticed a two-headed ogre
  8828 | D:8      | Killed a two-headed ogre
  8829 | D:8      | Reached skill level 14 in Polearms
  8829 | D:8      | Reached skill level 10 in Dodging
  8829 | D:8      | Reached XP level 10. HP: 82/82 MP: 10/10
  8836 | D:8      | Killed a two-headed ogre
  8905 | D:8      | Noticed a manticore
  8915 | D:8      | Killed a manticore
  9034 | D:8      | Found a runed translucent door.
  9282 | D:8      | Noticed a cyan ugly thing
  9290 | D:8      | Killed a cyan ugly thing
  9291 | D:8      | Reached skill level 10 in Fighting
  9398 | D:8      | Reached **** piety under Trog
 10124 | D:9      | Reached skill level 1 in Stealth
 10348 | D:9      | Reached XP level 11. HP: 92/92 MP: 11/11
 10511 | D:9      | Found Zetid's Weapon Boutique.
 10516 | D:9      | Found Tidghiyna's Gadget Boutique.
 10516 | D:9      | Found Oskol's Antique Weapon Boutique.
 10519 | D:9      | Found Keumuur's Distillery.
 10533 | D:9      | Bought a potion of haste for 160 gold pieces
 10592 | D:9      | Reached skill level 1 in Armour
 10915 | D:9      | Noticed a two-headed ogre
 10932 | D:9      | Killed a two-headed ogre
 11102 | D:9      | Bought a glaive for 156 gold pieces
 11117 | D:9      | Found a burning altar of Makhleb.
 11278 | D:9      | Found a staircase to the Lair.
 11285 | Lair:1   | Entered Level 1 of the Lair of Beasts
 11558 | Lair:1   | HP: 4/93 [yak (8)]
 11559 | Lair:1   | Slain by a yak

Illustrated notes

Levels and vault maps discovered:
D:1:      nicolae_arrival_memento_mori, layout_loops_corners
D:2:      layout_loops_cross, nemelex_dance_club_becter
D:3:      layout_basic, grunt_gozag_breadcrumbs, gammafunk_temple_overflow_claw,
          chequers_ecumenical_altar_lobes, trog_book, uniq_robin
D:4:      minmay_general_purpose_star, layout_basic
D:5:      layout_basic, nzn_wu_jian_council_hall,
          chequers_temple_overflow_statue_of_worship,
          minmay_temple_entry_statues_fountains, minmay_small_thing
D:6:      layout_gridville, enter_ossuary_4, xom_teletrap_fun
D:7:      layout_cave_pods, moated_statue
D:8:      cheibrodos_histonic, layout_cave_pods, grunt_decor_one_mirror,
          chequers_serial_rivers_micro_c, uniq_maurice
D:9:      layout_basic, lemuel_doored_altar, lair_entry_dummy,
          minmay_shop_grid_forest
Lair:1:   layout_regular_city, uniq_prince_ribbit2

Skill      XL: |  1  2  3  4  5  6  7  8  9 10 11 |
---------------+----------------------------------+-----
Polearms       | 5 6 7 8 10 11 14 | 14.0
Fighting       | 3 4 5 6 8 10 11 | 11.0
Dodging        | 5 6 7 8 10 12 | 12.9
Stealth        | 1 4 |  4.6
Armour         | 2 |  2.8
Throwing       | |  2.0

Action                   |  1- 3 |  4- 6 |  7- 9 | 10-12 || total
-------------------------+-------+-------+-------+-------++-------
Melee: Trident           |   106 |   242 |   484 |   248 ||  1080
       Glaive            |       |       |       |    62 ||    62
Invok: Berserk           |       |       |    11 |    10 ||    21
       Trog's Hand       |       |       |     1 |     4 ||     5
  Use: Scroll            |       |    10 |    11 |     7 ||    28
       Potion            |       |     3 |       |     1 ||     4
 Stab: Sleeping          |     4 |     2 |     3 |       ||     9
       Distracted        |       |       |     2 |       ||     2
Armor: Leather armour    |    25 |    37 |    56 |    27 ||   145
       Skin              |       |     7 |       |       ||     7
Dodge: Dodged            |    61 |   135 |   202 |   203 ||   601
